Map: Overgrowth LE (Void)

Players

Drager - Winner!

  • Race: Protoss Protoss
  • Spawn Location: 1:00

Stephano

  • Race: Zerg Zerg
  • Spawn Location: 7:00

Event: WESG 2016 Finals

VOD

Have the link to the VOD?

Description

Time

  • Played on: Jan. 12, 2017, 4:09 a.m.
  • Length: 16:36

All games in this series

Show
View Real Time Build Order
Export as new Build Order

Drager Protoss - Winner!

Build Orders: Nexus First, Oracle Opening, Carrier Rush 

Get SALT Encoding   

  12  0:00  Probe (Chrono Boost)  
  13  0:11  Probe (Chrono Boost)  
  14  0:18  Pylon  
  14  0:22  Probe (Chrono Boost)  
  15  0:36  Probe (Chrono Boost)  
  16  0:47  Probe (Chrono Boost)  
  17  0:57  Nexus  
  17  1:07  Gateway  
  17  1:09  Probe (Chrono Boost)  
  18  1:14  Assimilator  
  18  1:20  Probe (Chrono Boost)  
  18  1:22  Assimilator  
  19  1:30  Probe (Chrono Boost)  
  20  1:41  Probe (Chrono Boost)  
  20  1:42  Pylon  
  21  1:51  Probe (Chrono Boost)  
  22  1:56  Cybernetics Core  
  22  2:02  Probe (Chrono Boost)  
  22  2:06  Zealot  
  25  2:09  Probe (Chrono Boost)  
  25  2:12  Probe (Chrono Boost)  
  27  2:20  Probe (Chrono Boost)  
  28  2:23  Probe (Chrono Boost)  
  29  2:30  Probe (Chrono Boost)  
  29  2:33  Probe (Chrono Boost), Stargate  
  29  2:36  Warp Gate  
  31  2:41  Probe (Chrono Boost)  
  33  2:44  Probe (Chrono Boost)  
  33  2:50  Pylon  
  33  2:51  Probe (Chrono Boost)  
  33  2:54  Probe (Chrono Boost)  
  35  2:59  Stalker  
  35  3:03  Probe (Chrono Boost)  
  35  3:05  Probe (Chrono Boost)  
  39  3:11  Oracle, Assimilator  
  39  3:12  Assimilator  
  39  3:15  Probe (Chrono Boost)  
  39  3:19  Probe (Chrono Boost)  
  44  3:27  Probe (Chrono Boost), Pylon  
  45  3:30  Probe (Chrono Boost)  
  46  3:39  Probe (Chrono Boost)  
  46  3:40  Probe (Chrono Boost)  
  48  3:51  Fleet Beacon, Probe (Chrono Boost)  
  48  3:52  Probe (Chrono Boost)  
  48  3:53  Stargate  
  50  3:57  Pylon  
  50  4:01  Probe (Chrono Boost)  
  52  4:04  Probe (Chrono Boost)  
  52  4:12  Probe (Chrono Boost)  
  53  4:20  Pylon  
  53  4:24  Carrier  
  53  4:27  Carrier  
  53  4:28  Pylon  
  59  4:43  Probe (Chrono Boost)  
  59  4:44  Probe (Chrono Boost)  
  66  4:55  Probe (Chrono Boost)  
  66  4:58  Probe (Chrono Boost)  
  68  5:03  Nexus  
  68  5:07  Graviton Catapult, Probe (Chrono Boost)  
  69  5:08  Protoss Air Weapons Level 1  
  69  5:10  Pylon  
  70  5:15  Pylon  
  70  5:19  Mothership Core (Chrono Boost)  
  72  5:22  Probe (Chrono Boost)  
  72  5:34  Probe (Chrono Boost)  
  71  5:39  Probe (Chrono Boost)  
  71  5:42  Adept  
  71  5:46  Carrier, Probe (Chrono Boost)  
  71  5:47  Carrier  
  73  5:51  Forge, Probe (Chrono Boost)  
  74  5:58  Probe (Chrono Boost)  
  74  6:03  Probe (Chrono Boost)  
  87  6:10  Probe (Chrono Boost)  
  88  6:15  Probe (Chrono Boost)  
  88  6:16  Probe (Chrono Boost), Assimilator  
  90  6:20  Assimilator  
  90  6:22  Probe (Chrono Boost), Stargate  
  90  6:25  Photon Cannon  
  91  6:27  Probe x2 (Chrono Boost)  
  93  6:32  Pylon  
  93  6:34  Probe (Chrono Boost)  
  93  6:38  Probe (Chrono Boost)  
  93  6:39  Probe (Chrono Boost)  
  96  6:47  Probe (Chrono Boost)  
  97  6:48  Probe (Chrono Boost)  
  97  6:51  Probe (Chrono Boost)  
  99  6:59  Probe x2 (Chrono Boost)  
  101  7:03  Probe (Chrono Boost)  
  100  7:08  Photon Cannon  
  100  7:09  Probe (Chrono Boost)  
  100  7:10  Photon Cannon  
  100  7:11  Probe (Chrono Boost)  
  99  7:16  Probe (Chrono Boost)  
  99  7:20  Probe (Chrono Boost)  
  97  7:23  Probe (Chrono Boost)  
  97  7:27  Void Ray x2  
  97  7:28  Probe (Chrono Boost)  
  96  7:30  Probe (Chrono Boost)  
  96  7:33  Void Ray  
  96  7:35  Probe (Chrono Boost)  
  109  7:40  Probe (Chrono Boost)  
  109  7:41  Probe (Chrono Boost)  
  111  7:47  Probe (Chrono Boost)  
  113  7:52  Probe (Chrono Boost)  
  113  7:55  Photon Cannon  
  113  7:56  Photon Cannon x2  
  113  7:58  Photon Cannon  
  113  8:04  Void Ray x2  
  113  8:10  Pylon  
  121  8:15  Protoss Air Weapons Level 2  
  121  8:16  Void Ray  
  121  8:17  Stargate  
  121  8:19  Photon Cannon  
  125  8:20  Photon Cannon  
  125  8:21  Photon Cannon  
  125  8:28  Nexus  
  125  8:30  Pylon  
  125  8:38  Photon Cannon  
  125  8:41  Void Ray  
  125  8:43  Photon Cannon, Void Ray  
  129  8:52  Pylon  
  133  8:58  Void Ray  
  133  9:00  Pylon  
  137  9:09  Twilight Council  
  137  9:15  Gateway  
  134  9:19  Void Ray  
  134  9:22  Gateway, Void Ray  
  134  9:25  Photon Cannon x2  
  142  9:44  Void Ray  
  132  9:50  Photon Cannon  
  132  9:52  Photon Cannon  
  132  9:56  Photon Cannon  
  132  9:57  Void Ray  
  132  10:01  Zealot  
  132  10:02  Void Ray  
  132  10:24  Mothership Core (Chrono Boost)  
  136  10:33  Templar Archives  
  136  10:34  Void Ray  
  140  10:42  Stargate  
  140  10:46  Stargate  
  140  10:48  Carrier  
  138  10:55  Carrier  
  132  11:04  Assimilator  
  132  11:06  Carrier  
  132  11:09  Assimilator  
  132  11:12  Photon Cannon  
  132  11:13  Protoss Air Weapons Level 3, Photon Cannon  
  138  11:20  Psionic Storm  
  138  11:36  Pylon  
  138  11:37  High Templar  
  138  11:38  Carrier, High Templar  
  142  11:47  Photon Cannon  
  148  11:55  Carrier  
  148  12:00  Pylon  
  154  12:04  High Templar  
  156  12:11  Carrier, High Templar  
  156  12:13  Nexus  
  158  12:16  Pylon x2  
  158  12:22  Void Ray, Pylon  
  168  12:33  Assimilator  
  168  12:37  Assimilator  
  168  12:42  Photon Cannon  
  168  12:43  Photon Cannon, Void Ray  
  160  12:53  Carrier  
  160  12:59  Void Ray  
  166  13:20  Void Ray x2  
  174  13:30  Void Ray  
  174  13:31  Void Ray  
  175  13:38  Void Ray  
  165  13:57  Void Ray  
  165  14:00  Photon Cannon  
  165  14:07  Photon Cannon  
  155  14:38  Void Ray  
  155  14:39  Void Ray  
  155  14:42  Void Ray  
  155  14:43  Void Ray x2  
  151  15:25  Nexus  
  151  15:51  Zealot x3  
Show
View Real Time Build Order
Export as new Build Order

Stephano Zerg 

Build Orders: Hatch First 

Get SALT Encoding   

  12  0:01  Drone  
  13  0:12  Overlord  
  13  0:17  Drone  
  14  0:30  Drone  
  14  0:31  Drone  
  14  0:34  Drone  
  17  0:51  Hatchery  
  17  0:53  Drone  
  17  0:56  Drone  
  18  1:10  Spawning Pool  
  17  1:12  Drone  
  17  1:18  Drone  
  19  1:30  Drone  
  19  1:31  Extractor  
  19  1:41  Drone  
  20  1:48  Hatchery  
  20  1:51  Drone  
  20  1:58  Queen  
  22  2:03  Queen  
  22  2:07  Overlord  
  24  2:11  Drone  
  24  2:15  Drone  
  26  2:17  Drone  
  26  2:22  Drone  
  28  2:26  Drone  
  29  2:32  Metabolic Boost  
  29  2:35  Drone  
  30  2:38  Queen  
  32  2:44  Overlord  
  32  2:47  Drone  
  32  2:49  Drone  
  34  2:54  Drone  
  36  2:58  Drone  
  36  3:01  Drone  
  36  3:05  Drone, Queen  
  40  3:07  Drone  
  40  3:08  Drone x2  
  40  3:11  Drone  
  40  3:12  Drone  
  45  3:14  Drone  
  45  3:16  Drone  
  45  3:17  Drone  
  48  3:23  Drone x2  
  48  3:26  Overlord  
  50  3:29  Spore Crawler  
  50  3:31  Drone, Spore Crawler  
  50  3:32  Drone  
  50  3:35  Extractor  
  50  3:36  Drone  
  50  3:39  Overlord  
  50  3:40  Overlord  
  50  3:44  Drone x2  
  50  3:45  Drone  
  50  3:46  Drone  
  54  3:49  Evolution Chamber  
  54  3:52  Spore Crawler  
  54  3:54  Overlord  
  52  3:59  Drone  
  52  4:00  Zergling x6  
  52  4:01  Drone  
  58  4:10  Drone x3  
  58  4:16  Drone x2  
  63  4:17  Drone  
  63  4:18  Drone  
  63  4:19  Zerg Melee Weapons Level 1  
  63  4:20  Drone x2  
  63  4:21  Drone x2, Baneling Nest  
  63  4:23  Drone  
  68  4:26  Overlord  
  68  4:29  Drone x2  
  70  4:33  Overlord  
  70  4:35  Extractor  
  70  4:36  Extractor  
  68  4:39  Roach Warren  
  68  4:42  Drone x2  
  68  4:44  Overlord  
  69  4:50  Drone  
  69  4:56  Zergling x14  
  69  4:57  Zergling x4  
  77  5:01  Drone x2  
  78  5:08  Drone  
  78  5:09  Lair  
  78  5:12  Drone  
  80  5:16  Hatchery  
  80  5:20  Roach x5  
  89  5:22  Drone  
  89  5:27  Extractor  
  89  5:28  Drone  
  89  5:31  Extractor  
  89  5:41  Drone x2  
  89  5:44  Overlord x2  
  89  5:45  Overlord x4  
  89  5:53  Overlord x3  
  89  5:58  Drone  
  89  6:01  Hatchery  
  89  6:10  Drone  
  89  6:11  Drone x4, Spire  
  94  6:12  Queen x2  
  97  6:21  Spore Crawler  
  97  6:22  Spore Crawler  
  97  6:24  Spore Crawler  
  97  6:25  Queen  
  95  6:34  Drone x4  
  95  6:35  Drone x2, Spore Crawler  
  95  6:36  Spore Crawler  
  95  6:37  Drone x2  
  95  6:38  Drone  
  99  6:47  Queen  
  99  6:48  Queen  
  96  7:01  Queen  
  93  7:20  Spore Crawler  
  93  7:21  Spore Crawler  
  93  7:22  Drone x6  
  94  7:23  Drone x3  
  94  7:24  Corruptor, Spore Crawler  
  94  7:25  Corruptor x7  
  94  7:28  Zerg Flyer Armor Level 1  
  110  7:34  Corruptor x2  
  105  7:42  Drone x2  
  105  7:43  Drone x4  
  104  7:46  Extractor x2  
  104  7:50  Drone x2  
  104  7:51  Drone x2  
  103  7:56  Drone x3, Corruptor  
  103  7:57  Corruptor  
  110  8:05  Drone  
  110  8:06  Drone x2  
  110  8:07  Corruptor x3  
  110  8:11  Glial Reconstitution  
  119  8:19  Corruptor x3  
  125  8:27  Overlord  
  125  8:28  Corruptor x3  
  125  8:31  Zerg Melee Weapons Level 2  
  131  8:37  Drone x3  
  131  8:39  Corruptor  
  136  8:42  Corruptor  
  136  8:44  Corruptor  
  136  8:46  Corruptor  
  142  8:51  Corruptor  
  144  8:55  Corruptor  
  144  8:56  Corruptor  
  148  9:04  Corruptor x2  
  148  9:05  Corruptor  
  154  9:13  Hatchery  
  154  9:16  Zergling x10  
  158  9:22  Zerg Flyer Armor Level 2  
  158  9:23  Zergling x2  
  158  9:24  Zergling x2  
  160  9:27  Overseer  
  160  9:31  Pneumatized Carapace  
  160  9:32  Zergling x10  
  163  9:44  Corruptor  
  163  9:45  Corruptor x3  
  155  9:48  Corruptor  
  155  9:51  Corruptor  
  161  9:53  Zergling x10  
  165  10:04  Corruptor x2  
  165  10:09  Overlord x2  
  159  10:27  Corruptor x6  
  161  10:31  Zergling x2  
  161  10:32  Zergling x22  
  169  10:38  Drone x4  
  169  10:40  Drone  
  174  10:49  Corruptor  
  164  10:50  Corruptor x3  
  136  10:59  Queen x2  
  136  11:07  Spore Crawler, Extractor  
  136  11:08  Extractor  
  136  11:09  Spore Crawler  
  136  11:10  Corruptor x3  
  136  11:11  Corruptor x2  
  142  11:19  Queen  
  144  11:26  Centrifical Hooks  
  144  11:27  Corruptor x2  
  148  11:33  Zergling x2  
  148  11:34  Zergling x22  
  160  11:46  Zergling x26  
  167  11:57  Zergling x20  
  177  12:01  Baneling x3  
  177  12:02  Baneling x8  
  177  12:06  Infestation Pit  
  177  12:07  Zerg Flyer Weapons Level 1  
  176  12:09  Corruptor  
  176  12:12  Corruptor  
  180  12:22  Overlord x2  
  180  12:49  Corruptor x8  
  196  12:51  Hive  
  196  12:52  Hatchery  
  171  13:43  Corruptor x4  
  171  13:44  Corruptor x8  
  185  14:06  Drone x4  
  188  14:10  Spore Crawler  
  188  14:11  Spore Crawler  
  188  14:12  Baneling, Spore Crawler  
  188  14:13  Baneling x3, Spore Crawler x2  
  188  14:14  Spore Crawler  
  181  14:20  Queen x2  
  181  14:21  Corruptor x7  
  199  14:24  Baneling x3  
  199  14:25  Baneling x8  
  172  14:45  Corruptor x7  
  119  14:56  Viper x3  
  120  15:07  Viper  
  120  15:12  Viper  
  126  15:19  Extractor  
  126  15:20  Zergling x14  
  124  15:22  Extractor  
  124  15:28  Viper  
  121  15:35  Spore Crawler  
  118  15:37  Spore Crawler  
  118  15:41  Viper  
  104  15:58  Corruptor x3  
Tags
 
Add a new tag
Caveats
  • Supply blocks, unpowered buildings, or Contaminate may cause inaccurate times.
  • Supply counts are checked every 10 seconds.